TOP OF THE 1ST |
Great Falls Voyagers batting - Pitching for Bluefield Blue Jays : RHP Jon Thomason
|
Pitching: RHP Jon Thomason
|
|
Batting: RHB Andy Cotton
|
0-0: Ball 1-0: Foul Ball, location: 2F 1-1: Ball 2-1: Ball 3-1: Base on Balls
|
Batting: RHB Russ Cornett
|
0-0: Ball Andy Cotton is caught stealing 2nd base 2-4 1-0: SOLO HOME RUN (Flyball, 7D, EV 95.0 MPH), Distance : 376 ft
|
Batting: RHB Josiah Wright
|
0-0: Ball 1-0: Foul Ball, location: 2F 1-1: Foul Ball, location: 2F 1-2: Ball 2-2: Ball 3-2: SINGLE (Line Drive, 6D, EV 96.9 MPH)
|
Batting: RHB Billy Grubbs
|
0-0: Swinging Strike 0-1: Ball 1-1: Swinging Strike 1-2: Strikes out swinging
|
Batting: RHB Mitch Cuadros
|
0-0: Ball 1-0: Ball Josiah Wright steals 2nd base 2-0: Called Strike 2-1: Called Strike 2-2: Foul Ball, location: 2F 2-2: 2-RUN HOME RUN (Flyball, 78XD, EV 106.2 MPH), Distance : 419 ft
|
Batting: RHB Tommy Ellington
|
0-0: Swinging Strike 0-1: Foul Ball, location: 2F 0-2: Ball 1-2: Foul Ball, location: 2F 1-2: Ball 2-2: DOUBLE (Groundball, 5L, EV 98.1 MPH)
|
Batting: RHB Francisco Marin
|
0-0: Ball 1-0: Ball 2-0: 2-RUN HOME RUN (Flyball, 7D, EV 99.4 MPH), Distance : 377 ft
|
Batting: SHB Jose Romo
|
0-0: Called Strike 0-1: Swinging Strike 0-2: Ball 1-2: Foul Ball, location: 2F 1-2: Strikes out swinging
|
Top of the 1st over - 5 runs, 5 hits, 0 errors, 0 left on base; Great Falls 5 - Bluefield 0 |
BOTTOM OF THE 1ST |
Bluefield Blue Jays batting - Pitching for Great Falls Voyagers : LHP Don Stanford
|
Pitching: LHP Don Stanford
|
|
Batting: RHB Dustin Bargman
|
0-0: Called Strike 0-1: Ball 1-1: Ball 2-1: Reached on error, E5 (Groundball, 56S, EV 92.5 MPH)
|
Batting: RHB Braydon Pinsent
|
0-0: Ball 1-0: Ball Balk! Dustin Bargman to second 2-0: SINGLE (Groundball, 4M, EV 81.2 MPH) (infield hit) Dustin Bargman to third
|
Batting: RHB Mark Noftall
|
0-0: Called Strike 0-1: Ball 1-1: SINGLE (Groundball, 34D, EV 100.0 MPH) Dustin Bargman scores Braydon Pinsent to second Runner from 2nd tries for 3rd, SAFE, throw by RF made to third
|
Batting: RHB Norm Mercer
|
0-0: Ball 1-0: Ball 2-0: Ball 3-0: Called Strike 3-1: Base on Balls Mark Noftall to second
|
Batting: LHB Frank Nelson
|
0-0: Foul Ball, location: 2F 0-1: Foul Ball, location: 2F 0-2: Foul Ball, location: 2F 0-2: DOUBLE (Groundball, 3L, EV 106.9 MPH) Braydon Pinsent scores Mark Noftall scores Norm Mercer to third
|
Batting: RHB Terry Plumley
|
0-0: Ball 1-0: Called Strike 1-1: 3-RUN HOME RUN (Flyball, 78XD, EV 111.2 MPH), Distance : 420 ft
|
Batting: SHB Kevin Watson
|
0-0: Foul Ball, location: 2F 0-1: Ball 1-1: DOUBLE (Groundball, 5L, EV 106.9 MPH)
|
Pitching: LHP Rodolfo Valencia
|
|
Batting: RHB Luis Vargas
|
0-0: Called Strike 0-1: Ball 1-1: Ball 2-1: Ball 3-1: Base on Balls
|
Batting: RHB Jorge Cruz
|
0-0: Ball 1-0: Foul Ball, location: 2F 1-1: Ball 2-1: Grounds into double play, 5-4-3 (Groundball, 5S, EV 87.5 MPH) Kevin Watson to third
|
Batting: RHB Dustin Bargman
|
0-0: Ball 1-0: Called Strike 1-1: Ground out 3-1 (Groundball, 34, EV 83.8 MPH)
|
Bottom of the 1st over - 6 runs, 5 hits, 1 error, 1 left on base; Great Falls 5 - Bluefield 6 |
TOP OF THE 2ND |
Great Falls Voyagers batting - Pitching for Bluefield Blue Jays : RHP Jon Thomason
|
Batting: RHB Enrique Gomez
|
0-0: Ball 1-0: Ground out 2-3 (Groundball, 2R, EV 66.9 MPH)
|
Batting: RHB Andy Cotton
|
0-0: Ball 1-0: Ball 2-0: Ball 3-0: Called Strike 3-1: Foul Ball, location: 2F 3-2: Reached on error, E8 (Flyball, 8LD, EV 93.8 MPH)
|
Batting: RHB Russ Cornett
|
0-0: Swinging Strike 0-1: Called Strike 0-2: Fielders Choice at 2nd, 6-4 (Groundball, 6, EV 79.4 MPH)
|
Batting: RHB Josiah Wright
|
0-0: Ball 1-0: Ball 2-0: Ball 3-0: Called Strike 3-1: Base on Balls Russ Cornett to second
|
Pitching: RHP Gu Won
|
|
Batting: RHB Billy Grubbs
|
0-0: Ball 1-0: Ball 2-0: Ball 3-0: Base on Balls Russ Cornett to third Josiah Wright to second
|
Batting: RHB Mitch Cuadros
|
0-0: Called Strike 0-1: Called Strike 0-2: Hit by Pitch Russ Cornett scores Josiah Wright to third Billy Grubbs to second
|
Batting: RHB Tommy Ellington
|
0-0: DOUBLE (Line Drive, 78M, EV 111.2 MPH) Josiah Wright scores Billy Grubbs scores Mitch Cuadros to third
|
Batting: RHB Francisco Marin
|
0-0: Called Strike 0-1: Ball 1-1: SINGLE (Groundball, 6D, EV 101.9 MPH) Mitch Cuadros scores Tommy Ellington to third Runner from 3rd tries for Home, SAFE, throw by LF to home
|
Pitching: RHP Eric Bessire
|
|
Batting: SHB Jose Romo
|
0-0: Called Strike 0-1: Ground out 4-3 (Groundball, 4, EV 91.9 MPH)
|
Top of the 2nd over - 5 runs, 2 hits, 1 error, 1 left on base; Great Falls 10 - Bluefield 6 |
BOTTOM OF THE 2ND |
Bluefield Blue Jays batting - Pitching for Great Falls Voyagers : LHP Rodolfo Valencia
|
Batting: RHB Braydon Pinsent
|
0-0: Fly out, F9 (Flyball, 9, EV 88.1 MPH)
|
Batting: RHB Mark Noftall
|
0-0: Foul Ball, location: 2F 0-1: Foul Ball, location: 2F 0-2: Ball 1-2: SOLO HOME RUN (Flyball, 7D, EV 103.8 MPH), Distance : 393 ft
|
Batting: RHB Norm Mercer
|
0-0: Called Strike 0-1: Ball 1-1: Ground out 4-3 (Groundball, 4M, EV 94.4 MPH)
|
Batting: LHB Frank Nelson
|
0-0: Ball 1-0: Foul Ball, location: 2F 1-1: SINGLE (Groundball, 4MD, EV 98.8 MPH)
|
Batting: RHB Terry Plumley
|
0-0: Called Strike Frank Nelson steals 2nd base 0-1: Foul Ball, location: 2F 0-2: Ball 1-2: Ball 2-2: Foul Ball, location: 2F 2-2: Foul Ball, location: 2F 2-2: DOUBLE (Line Drive, 7LS, EV 103.1 MPH) Frank Nelson scores
|
Batting: SHB Kevin Watson
|
0-0: Swinging Strike 0-1: Ball 1-1: Ball Passed Ball! Terry Plumley to third 2-1: 2-RUN HOME RUN (Line Drive, 89XD, EV 108.8 MPH), Distance : 429 ft
|
Pitching: RHP Xavier Mosley
|
|
Batting: RHB Luis Vargas
|
0-0: Called Strike 0-1: Foul Ball, location: 2F 0-2: Ball 1-2: Ground out 4-3 (Groundball, 4S, EV 76.9 MPH)
|
Bottom of the 2nd over - 4 runs, 4 hits, 0 errors, 0 left on base; Great Falls 10 - Bluefield 10 |
TOP OF THE 3RD |
Great Falls Voyagers batting - Pitching for Bluefield Blue Jays : RHP Eric Bessire
|
Batting: RHB Enrique Gomez
|
0-0: Swinging Strike 0-1: Ball 1-1: Ball 2-1: Foul Ball, location: 2F 2-2: Strikes out looking
|
Batting: RHB Andy Cotton
|
0-0: Ball 1-0: Foul Ball, location: 2F 1-1: Ball 2-1: Swinging Strike 2-2: Ball 3-2: Fly out, F4 (Popup, 3S, EV 78.1 MPH)
|
Batting: RHB Russ Cornett
|
0-0: Ball 1-0: Called Strike 1-1: Foul Ball, location: 2F 1-2: Ball 2-2: Foul Ball, location: 2F 2-2: SINGLE (Flyball, 7S, EV 89.4 MPH)
|
Batting: RHB Josiah Wright
|
0-0: Foul Ball, location: 2F 0-1: Ball 1-1: Foul Ball, location: 2F 1-2: Ball 2-2: Ball 3-2: Foul Ball, location: 2F 3-2: Base on Balls Russ Cornett to second
|
Batting: RHB Billy Grubbs
|
0-0: Swinging Strike 0-1: Ball 1-1: Foul Ball, location: 2F 1-2: Ball 2-2: Strikes out swinging
|
Top of the 3rd over - 0 runs, 1 hit, 0 errors, 2 left on base; Great Falls 10 - Bluefield 10 |
BOTTOM OF THE 3RD |
Bluefield Blue Jays batting - Pitching for Great Falls Voyagers : RHP Xavier Mosley
|
Batting: RHB Jorge Cruz
|
0-0: Foul Ball, location: 2F 0-1: Ball 1-1: Foul Ball, location: 2F 1-2: Ball 2-2: Strikes out swinging
|
Batting: RHB Dustin Bargman
|
0-0: Called Strike 0-1: Ball 1-1: Ball 2-1: Ball 3-1: Base on Balls
|
Batting: RHB Braydon Pinsent
|
0-0: Ball Dustin Bargman steals 2nd base (no throw) 1-0: Called Strike 1-1: Ball 2-1: SINGLE (Groundball, 34, EV 87.5 MPH) (infield hit) Dustin Bargman to third
|
Batting: RHB Mark Noftall
|
0-0: Ball Braydon Pinsent steals 2nd base 1-0: Ball 2-0: Ground out 3-1 (Groundball, 34, EV 101.2 MPH) Dustin Bargman scores Braydon Pinsent to third
|
Batting: RHB Norm Mercer
|
0-0: 2-RUN HOME RUN (Line Drive, 7D, EV 96.2 MPH), Distance : 380 ft
|
Batting: LHB Frank Nelson
|
0-0: Ball 1-0: Ball 2-0: Called Strike 2-1: Ground out U3 (Groundball, 34, EV 110.0 MPH)
|
Bottom of the 3rd over - 3 runs, 2 hits, 0 errors, 0 left on base; Great Falls 10 - Bluefield 13 |
TOP OF THE 4TH |
Great Falls Voyagers batting - Pitching for Bluefield Blue Jays : RHP Eric Bessire
|
Batting: RHB Mitch Cuadros
|
0-0: Called Strike 0-1: Foul Ball, location: 2F 0-2: Strikes out looking
|
Batting: RHB Tommy Ellington
|
0-0: Ball 1-0: Ball 2-0: Foul Ball, location: 2F 2-1: SINGLE (Groundball, 56D, EV 95.6 MPH)
|
Batting: RHB Francisco Marin
|
0-0: Ball 1-0: Called Strike 1-1: Foul Ball, location: 2F 1-2: Ball 2-2: Ball 3-2: Base on Balls Tommy Ellington to second
|
Batting: SHB Jose Romo
|
0-0: Ball 1-0: Called Strike 1-1: Ball 2-1: Called Strike 2-2: Ball 3-2: Base on Balls Tommy Ellington to third Francisco Marin to second
|
Pinch Hitting: RHB Duncan Collins
|
0-0: Grounds into double play, 5-4-3 (Groundball, 5, EV 106.2 MPH)
|
Top of the 4th over - 0 runs, 1 hit, 0 errors, 2 left on base; Great Falls 10 - Bluefield 13 |
BOTTOM OF THE 4TH |
Bluefield Blue Jays batting - Pitching for Great Falls Voyagers : RHP Xavier Mosley
|
Pitching: RHP Toyotoshi Matsui
|
|
Now in CF: David Laureano
|
|
Batting: RHB Terry Plumley
|
0-0: Ball 1-0: Called Strike 1-1: Ball 2-1: Swinging Strike 2-2: Ball 3-2: Base on Balls
|
Batting: SHB Kevin Watson
|
0-0: Ball 1-0: Grounds into double play, 3-6-1 (Groundball, 3, EV 87.5 MPH)
|
Batting: RHB Luis Vargas
|
0-0: Called Strike 0-1: Called Strike 0-2: Strikes out looking
|
Bottom of the 4th over - 0 runs, 0 hits, 0 errors, 0 left on base; Great Falls 10 - Bluefield 13 |
TOP OF THE 5TH |
Great Falls Voyagers batting - Pitching for Bluefield Blue Jays : RHP Eric Bessire
|
Batting: RHB Andy Cotton
|
0-0: Ball 1-0: Ball 2-0: Foul Ball, location: 2F 2-1: SINGLE (Groundball, 56D, EV 104.4 MPH)
|
Pitching: RHP Aaron Meiggs
|
|
Batting: RHB Russ Cornett
|
0-0: Ball Andy Cotton is caught stealing 2nd base 2-4 1-0: Ball 2-0: Fly out, F8 (Flyball, 89S, EV 80.6 MPH)
|
Batting: RHB Josiah Wright
|
0-0: Ball 1-0: Ball 2-0: Ball 3-0: Base on Balls
|
Batting: RHB Billy Grubbs
|
0-0: Ball 1-0: Called Strike 1-1: Called Strike 1-2: Foul Ball, location: 2F 1-2: Ball 2-2: Ground out 5-3 (Groundball, 5S, EV 63.8 MPH)
|
Top of the 5th over - 0 runs, 1 hit, 0 errors, 1 left on base; Great Falls 10 - Bluefield 13 |
BOTTOM OF THE 5TH |
Bluefield Blue Jays batting - Pitching for Great Falls Voyagers : RHP Toyotoshi Matsui
|
Pinch Hitting: RHB Victor Ayala
|
0-0: Called Strike 0-1: SINGLE (Groundball, 6MD, EV 103.1 MPH)
|
Batting: RHB Dustin Bargman
|
0-0: DOUBLE (Line Drive, 89D, EV 106.2 MPH) Victor Ayala to third
|
Batting: RHB Braydon Pinsent
|
0-0: Called Strike 0-1: Ball 1-1: DOUBLE (Line Drive, 89M, EV 111.9 MPH) Victor Ayala scores Dustin Bargman scores
|
Batting: RHB Mark Noftall
|
0-0: Called Strike 0-1: Foul Ball, location: 2F 0-2: Ball 1-2: Foul Ball, location: 2F 1-2: Foul Ball, location: 2F 1-2: Ball 2-2: Foul Ball, location: 2F 2-2: Foul Ball, location: 2F 2-2: Ball 3-2: 2-RUN HOME RUN (Line Drive, 78XD, EV 99.4 MPH), Distance : 419 ft
|
Pitching: RHP Chris Myers
|
|
Batting: RHB Norm Mercer
|
0-0: SINGLE (Groundball, 56S, EV 71.9 MPH) (infield hit)
|
Batting: LHB Frank Nelson
|
0-0: Ball 1-0: Ball 2-0: Called Strike 2-1: Ball 3-1: Foul Ball, location: 2F 3-2: Foul Ball, location: 2F 3-2: Base on Balls Norm Mercer to second
|
Batting: RHB Terry Plumley
|
0-0: Ball 1-0: Ball 2-0: Ball 3-0: Called Strike 3-1: Base on Balls Norm Mercer to third Frank Nelson to second
|
Batting: SHB Kevin Watson
|
0-0: Called Strike 0-1: Called Strike 0-2: Ball 1-2: Reached on error, E4 (Groundball, 4, EV 85.0 MPH) Norm Mercer scores Frank Nelson to third Terry Plumley to second
|
Batting: RHB Luis Vargas
|
0-0: Foul Ball, location: 2F 0-1: Foul Ball, location: 2F 0-2: Grounds into double play, 5-4-3 (Groundball, 56, EV 107.5 MPH) Frank Nelson scores Terry Plumley to third
|
Batting: RHB Victor Ayala
|
0-0: Swinging Strike 0-1: Called Strike 0-2: Ball 1-2: DOUBLE (Line Drive, 7LM, EV 113.1 MPH) Terry Plumley scores
|
Batting: RHB Dustin Bargman
|
0-0: DOUBLE (Groundball, 5L, EV 98.8 MPH) Victor Ayala scores
|
Batting: RHB Braydon Pinsent
|
0-0: Ball 1-0: SINGLE (Groundball, 4M, EV 103.1 MPH) Dustin Bargman to third Runner from 3rd tries for Home, SAFE, throw by CF to home Braydon Pinsent to second
|
Pitching: LHP Ethan Villalobos
|
|
Batting: RHB Mark Noftall
|
0-0: Swinging Strike 0-1: SINGLE (Line Drive, 56, EV 97.5 MPH) Braydon Pinsent to third Runner from 3rd tries for Home, SAFE, throw by LF to home
|
Batting: RHB Norm Mercer
|
0-0: Ball Wild Pitch! Mark Noftall to second 1-0: Ball 2-0: Foul Ball, location: 2F 2-1: Foul Ball, location: 2F 2-2: DOUBLE (Line Drive, 89XD, EV 107.5 MPH) Mark Noftall scores
|
Batting: LHB Frank Nelson
|
0-0: Ball 1-0: Ball 2-0: Foul Ball, location: 2F 2-1: 2-RUN HOME RUN (Flyball, 9LD, EV 95.0 MPH), Distance : 348 ft
|
Batting: RHB Terry Plumley
|
0-0: Ball 1-0: Swinging Strike 1-1: Called Strike 1-2: SINGLE (Groundball, 5D, EV 100.0 MPH)
|
Batting: SHB Kevin Watson
|
0-0: Ball 1-0: Called Strike 1-1: Called Strike 1-2: Ball 2-2: Foul Ball, location: 2F 2-2: Foul Ball, location: 2F 2-2: Fielders Choice at 2nd, 6-4 (Groundball, 6, EV 78.8 MPH)
|
Bottom of the 5th over - 13 runs, 12 hits, 1 error, 1 left on base; Great Falls 10 - Bluefield 26 |
TOP OF THE 6TH |
Great Falls Voyagers batting - Pitching for Bluefield Blue Jays : RHP Aaron Meiggs
|
Now at 3B: Pete Duncan
|
|
Now at SS: Dustin Bargman
|
|
Batting: RHB Mitch Cuadros
|
0-0: Ball 1-0: Ball 2-0: Foul Ball, location: 2F 2-1: Ball 3-1: Base on Balls
|
Batting: RHB Tommy Ellington
|
0-0: Ball 1-0: Called Strike 1-1: Foul Ball, location: 2F 1-2: Strikes out swinging
|
Batting: RHB Francisco Marin
|
0-0: Ball Mitch Cuadros steals 2nd base 1-0: Ball 2-0: Called Strike 2-1: Ball 3-1: Base on Balls
|
Batting: SHB Jose Romo
|
0-0: Called Strike 0-1: Foul Ball, location: 2F 0-2: Strikes out swinging
|
Batting: RHB David Laureano
|
0-0: Ball 1-0: Fielders Choice at 2nd, 5-4 (Groundball, 56, EV 106.9 MPH)
|
Top of the 6th over - 0 runs, 0 hits, 0 errors, 2 left on base; Great Falls 10 - Bluefield 26 |
BOTTOM OF THE 6TH |
Bluefield Blue Jays batting - Pitching for Great Falls Voyagers : LHP Ethan Villalobos
|
Batting: RHB Luis Vargas
|
0-0: Called Strike 0-1: Foul Ball, location: 2F 0-2: Hit by Pitch
|
Batting: RHB Pete Duncan
|
0-0: Called Strike 0-1: Ball 1-1: Ball 2-1: Ball 3-1: Base on Balls Luis Vargas to second
|
DELAY
|
Rain delay of 46 minutes in the 6th inning.
|
Pitching: RHP Brad Adams Jr.
|
|
Batting: RHB Dustin Bargman
|
0-0: Ball 1-0: Fielders Choice at 2nd, 4-6 (Groundball, 4, EV 101.2 MPH) Luis Vargas to third
|
Batting: RHB Braydon Pinsent
|
0-0: Called Strike 0-1: Ball 1-1: Fielders Choice at 2nd, 3-6 (Groundball, 34S, EV 87.5 MPH) Luis Vargas scores
|
Batting: RHB Mark Noftall
|
0-0: Ball 1-0: Ball 2-0: Ground out 6-3 (Groundball, 4M, EV 97.5 MPH)
|
Bottom of the 6th over - 1 run, 0 hits, 0 errors, 1 left on base; Great Falls 10 - Bluefield 27 |
TOP OF THE 7TH |
Great Falls Voyagers batting - Pitching for Bluefield Blue Jays : RHP Aaron Meiggs
|
Now at SS: Bobby Roldan
|
|
Pinch Hitting: RHB Jake Feinstein
|
0-0: Called Strike 0-1: Foul Ball, location: 2F 0-2: Ball 1-2: Ball 2-2: Foul Ball, location: 2F 2-2: Strikes out looking
|
Batting: RHB Russ Cornett
|
0-0: Ball 1-0: Ball 2-0: Called Strike 2-1: Ball 3-1: Foul Ball, location: 2F 3-2: Foul Ball, location: 2F 3-2: Foul Ball, location: 2F 3-2: Base on Balls
|
Pitching: LHP Trevor Kelley
|
|
Batting: RHB Josiah Wright
|
0-0: Ball 1-0: Ball 2-0: Ball 3-0: Called Strike 3-1: Fielders Choice at 2nd, 4-6 (Groundball, 4, EV 106.2 MPH)
|
Batting: RHB Billy Grubbs
|
0-0: Called Strike 0-1: Foul Ball, location: 2F 0-2: Ball 1-2: Foul Ball, location: 2F 1-2: Ball 2-2: Ball 3-2: Fly out, F7 (Flyball, 78D, EV 102.5 MPH)
|
Top of the 7th over - 0 runs, 0 hits, 0 errors, 1 left on base; Great Falls 10 - Bluefield 27 |
BOTTOM OF THE 7TH |
Bluefield Blue Jays batting - Pitching for Great Falls Voyagers : RHP Brad Adams Jr.
|
Now in LF: Jake Feinstein
|
|
Batting: RHB Norm Mercer
|
0-0: Swinging Strike 0-1: Foul Ball, location: 2F 0-2: Foul Ball, location: 2F 0-2: Foul Ball, location: 2F 0-2: Foul Ball, location: 2F 0-2: Ball 1-2: Ball 2-2: Foul Ball, location: 2F 2-2: Ball 3-2: SINGLE (Line Drive, 7S, EV 100.6 MPH)
|
Pinch Hitting: RHB David Cooper
|
0-0: Ball 1-0: Ball 2-0: Ball 3-0: Base on Balls Norm Mercer to second
|
Batting: RHB Terry Plumley
|
0-0: Fielders Choice at 2nd, 3-6 (Groundball, 34, EV 85.6 MPH) Norm Mercer to third
|
Batting: SHB Kevin Watson
|
0-0: Ball Wild Pitch! Norm Mercer scores Terry Plumley to second 1-0: Ball 2-0: Ball 3-0: Base on Balls
|
Batting: RHB Luis Vargas
|
0-0: Foul Ball, location: 2F 0-1: Swinging Strike 0-2: Strikes out swinging
|
Batting: RHB Pete Duncan
|
0-0: Ball 1-0: Called Strike 1-1: Ball 2-1: Swinging Strike 2-2: Fielders Choice at 2nd, 5-4 (Groundball, 56, EV 89.4 MPH)
|
Bottom of the 7th over - 1 run, 1 hit, 0 errors, 2 left on base; Great Falls 10 - Bluefield 28 |
TOP OF THE 8TH |
Great Falls Voyagers batting - Pitching for Bluefield Blue Jays : LHP Trevor Kelley
|
Now at 1B: Terry Plumley
|
|
Now in CF: Mike Chamberlain
|
|
Now in RF: David Cooper
|
|
Batting: RHB Mitch Cuadros
|
0-0: Foul Ball, location: 2F 0-1: Swinging Strike 0-2: SINGLE (Groundball, 6MD, EV 96.9 MPH)
|
Batting: RHB Tommy Ellington
|
0-0: Ball 1-0: Called Strike 1-1: Called Strike 1-2: Grounds into double play, 6-4-3 (Groundball, 6, EV 84.4 MPH)
|
Batting: RHB Francisco Marin
|
0-0: Ball 1-0: Foul Ball, location: 2F 1-1: Ball 2-1: Foul Ball, location: 2F 2-2: Ball 3-2: Strikes out swinging
|
Top of the 8th over - 0 runs, 1 hit, 0 errors, 0 left on base; Great Falls 10 - Bluefield 28 |
BOTTOM OF THE 8TH |
Bluefield Blue Jays batting - Pitching for Great Falls Voyagers : RHP Brad Adams Jr.
|
Batting: RHB Bobby Roldan
|
0-0: Ground out 6-3 (Groundball, 6S, EV 71.9 MPH)
|
Batting: RHB Mike Chamberlain
|
0-0: Called Strike 0-1: Foul Ball, location: 2F 0-2: DOUBLE (Groundball, 5L, EV 103.8 MPH)
|
Batting: RHB Mark Noftall
|
0-0: Ball 1-0: Called Strike 1-1: Called Strike 1-2: Ball Wild Pitch! Mike Chamberlain to third 2-2: DOUBLE (Flyball, 8LXD, EV 109.4 MPH) Mike Chamberlain scores
|
Pitching: RHP David Cortez
|
|
Batting: RHB Norm Mercer
|
0-0: Ball 1-0: Ball 2-0: Ball 3-0: Base on Balls
|
Batting: RHB David Cooper
|
0-0: Swinging Strike 0-1: SINGLE (Groundball, 6D, EV 97.5 MPH) Mark Noftall to third Norm Mercer to second Runner from 3rd tries for Home, SAFE, throw by LF to home
|
Batting: RHB Terry Plumley
|
0-0: Called Strike 0-1: Ball 1-1: Foul Ball, location: 2F 1-2: Ball 2-2: SINGLE (Groundball, 34D, EV 104.4 MPH) Norm Mercer to third David Cooper to second Runner from 3rd tries for Home, throw by RF and OUT! 9-2 David Cooper to third Terry Plumley to second
|
Batting: SHB Kevin Watson
|
0-0: Ball 1-0: Ball 2-0: Ball Wild Pitch! David Cooper scores Terry Plumley to third 3-0: Base on Balls
|
Batting: RHB Luis Vargas
|
0-0: Ball 1-0: Called Strike 1-1: Swinging Strike 1-2: Ball 2-2: Foul Ball, location: 2F 2-2: Ball 3-2: Base on Balls Kevin Watson to second
|
Batting: RHB Pete Duncan
|
0-0: Ball 1-0: Swinging Strike 1-1: Ball 2-1: SINGLE (Line Drive, 56, EV 99.4 MPH) Terry Plumley scores Kevin Watson to third Luis Vargas to second
|
Batting: RHB Bobby Roldan
|
0-0: Ball 1-0: Foul Ball, location: 2F 1-1: Foul Ball, location: 2F 1-2: Ball 2-2: Strikes out swinging
|
Bottom of the 8th over - 4 runs, 5 hits, 0 errors, 3 left on base; Great Falls 10 - Bluefield 32 |
TOP OF THE 9TH |
Great Falls Voyagers batting - Pitching for Bluefield Blue Jays : LHP Trevor Kelley
|
Batting: SHB Jose Romo
|
0-0: Called Strike 0-1: Ball 1-1: Swinging Strike 1-2: Foul Ball, location: 2F 1-2: Strikes out swinging
|
Batting: RHB David Laureano
|
0-0: Foul Ball, location: 2F 0-1: Foul Ball, location: 2F 0-2: Ground out 6-3 (Groundball, 6S, EV 85.0 MPH)
|
Batting: RHB Jake Feinstein
|
0-0: Ball 1-0: Called Strike 1-1: Swinging Strike 1-2: Strikes out looking
|
Top of the 9th over - 0 runs, 0 hits, 0 errors, 0 left on base; Great Falls 10 - Bluefield 32 |
|